[ AOE2 MATCH · #505832369 ]
UnrankedJurchens vs Khitans
Player's team · LOSS
Rival team · WIN
[ REPLAY ANALYSIS · EXTRACTED FROM THE RECORDED GAME ]
Feudal
10:59
Castle
20:44
Imperial
34:23
| APM avg | 33.5 |
| APM peak | 56 |
| eAPM avg | 20.8 |
| Villagers / military | 144 / 55 |
Focus
⚔️ 28.8% · 🌾 71.2%
Fire Lancer ×33 · Scout Cavalry ×7 · Iron Pagoda ×6 · Monk ×4 · Militia ×4 · Battering Ram ×1
Feudal
11:26
Castle
17:06
Imperial
31:22
| APM avg | 64.3 |
| APM peak | 143 |
| eAPM avg | 32.4 |
| Villagers / military | 113 / 43 |
Focus
⚔️ 40.1% · 🌾 59.9%
Unknown (1920) ×26 · Cavalry Archer ×20 · Iron Pagoda ×7 · Fire Lancer ×6 · Monk ×4 · Spearman ×3
Match map
Initial resources + every placement click. Lines = walls · curves = elevation contours. ◆ gold · ⬟ stone · ● berries · ✦ relic · ◌ wall gap
Your base· ✓ Closed at 20:44 · 36t walls · 1 gate(s)
danger_noodle42's base· Open — opponent sealed themselves in
Smoothed initial terrain · ◌ = detected wall gap · hover for details
Inputs per minute
— MatzeAoE - - danger_noodle42
Build order — MatzeAoE
First 150 of 348 actions detected
| 0:00 | Queue | Villager (Male) |
| 0:01 | Queue | Villager (Male) |
| 0:02 | Build | House |
| 0:03 | Build | House |
| 0:10 | Queue | Villager (Male) |
| 0:13 | Queue | Villager (Male) |
| 0:58 | Build | Palisade Wall |
| 1:03 | Build | Palisade Wall |
| 1:33 | Queue | Villager (Male) |
| 1:45 | Build | Lumber Camp |
| 2:08 | Queue | Villager (Male) |
| 2:30 | Queue | Villager (Male) |
| 2:55 | Queue | Villager (Male) |
| 3:16 | Build | House |
| 3:19 | Queue | Villager (Male) |
| 3:36 | Queue | Villager (Male) |
| 4:14 | Queue | Villager (Male) |
| 4:14 | Queue | Villager (Male) |
| 4:40 | Build | Mill |
| 4:53 | Queue | Villager (Male) |
| 5:14 | Queue | Villager (Male) |
| 5:24 | Build | Palisade Wall |
| 5:24 | Build | Palisade Wall |
| 5:25 | Build | Palisade Wall |
| 5:40 | Queue | Villager (Male) |
| 6:06 | Build | House |
| 6:08 | Queue | Villager (Male) |
| 6:36 | Queue | Villager (Male) |
| 6:43 | Queue | Villager (Male) |
| 6:47 | Build | House |
| 6:56 | Queue | Villager (Male) |
| 7:08 | Queue | Villager (Male) |
| 7:09 | Queue | Villager (Male) |
| 7:10 | Queue | Villager (Male) |
| 7:11 | Queue | Villager (Male) |
| 7:27 | Queue | Villager (Male) |
| 7:35 | Build | House |
| 7:44 | Queue | Villager (Male) |
| 8:31 | Build | Palisade Wall |
| 8:41 | Build | Palisade Wall |
| 8:47 | Research | Feudal Age |
| 8:50 | Build | Barracks |
| 9:31 | Queue | Militia |
| 9:32 | Queue | Militia |
| 9:32 | Queue | Militia |
| 9:39 | Queue | Militia |
| 9:49 | Build | House |
| 10:39 | Queue | Villager (Male) |
| 10:59 | Age | Feudal Age |
| 11:04 | Build | Stable |
| 11:07 | Research | Man-at-Arms (upgrade) |
| 11:09 | Queue | Villager (Male) |
| 11:12 | Research | Double-Bit Axe |
| 11:14 | Queue | Villager (Male) |
| 11:32 | Queue | Villager (Male) |
| 11:43 | Queue | Scout Cavalry |
| 11:43 | Queue | Scout Cavalry |
| 11:46 | Queue | Villager (Male) |
| 12:13 | Queue | Villager (Male) |
| 12:19 | Build | Watch Tower |
| 12:34 | Build | House |
| 12:35 | Build | House |
| 12:50 | Build | Watch Tower |
| 12:51 | Queue | Villager (Male) |
| 13:00 | Build | Farm |
| 13:01 | Build | Farm |
| 13:02 | Build | Farm |
| 13:03 | Build | Farm |
| 13:13 | Research | Horse Collar |
| 13:14 | Queue | Villager (Male) |
| 13:27 | Build | Watch Tower |
| 13:37 | Build | Watch Tower |
| 13:41 | Queue | Villager (Male) |
| 13:58 | Build | Farm |
| 14:17 | Queue | Villager (Male) |
| 14:19 | Build | Mining Camp |
| 14:32 | Research | Wheelbarrow |
| 14:37 | Build | Mining Camp |
| 15:20 | Queue | Villager (Male) |
| 15:23 | Build | Farm |
| 15:25 | Build | Farm |
| 15:26 | Build | Farm |
| 15:27 | Build | Farm |
| 15:42 | Queue | Villager (Male) |
| 15:51 | Build | Stone Wall |
| 15:55 | Queue | Villager (Male) |
| 16:10 | Build | Farm |
| 16:13 | Build | Farm |
| 16:17 | Queue | Villager (Male) |
| 16:24 | Queue | Villager (Male) |
| 16:40 | Build | Gate |
| 16:42 | Build | Stone Wall |
| 16:46 | Queue | Villager (Male) |
| 16:48 | Build | Stone Wall |
| 17:01 | Build | Market |
| 17:03 | Build | Blacksmith |
| 17:05 | Build | Farm |
| 17:44 | Build | Lumber Camp |
| 17:52 | Research | Castle Age |
| 18:04 | Build | Outpost |
| 18:22 | Build | Outpost |
| 18:25 | Build | Outpost |
| 18:57 | Build | Mining Camp |
| 19:07 | Queue | Scout Cavalry |
| 19:08 | Queue | Scout Cavalry |
| 19:30 | Queue | Villager (Male) |
| 19:42 | Build | House |
| 19:44 | Build | House |
| 19:49 | Research | Bloodlines |
| 19:54 | Build | Stable |
| 20:04 | Research | Scale Barding Armor |
| 20:40 | Queue | Scout Cavalry |
| 20:44 | Age | Castle Age |
| 20:49 | Build | Siege Workshop |
| 20:50 | Build | Monastery |
| 20:54 | Build | Town Center |
| 20:59 | Build | Town Center |
| 21:04 | Queue | Villager (Male) |
| 21:13 | Queue | Scout Cavalry |
| 21:21 | Research | Bow Saw |
| 21:31 | Queue | Villager (Male) |
| 21:34 | Queue | Monk |
| 21:46 | Queue | Iron Pagoda |
| 21:47 | Queue | Villager (Male) |
| 21:53 | Queue | Villager (Male) |
| 22:04 | Queue | Villager (Male) |
| 22:07 | Build | Farm |
| 22:14 | Queue | Villager (Male) |
| 22:16 | Build | House |
| 22:17 | Build | House |
| 22:18 | Build | House |
| 22:20 | Build | House |
| 22:26 | Queue | Villager (Male) |
| 22:26 | Queue | Villager (Male) |
| 22:36 | Research | Light Cavalry (upgrade) |
| 22:40 | Queue | Villager (Male) |
| 23:02 | Queue | Villager (Male) |
| 23:11 | Queue | Villager (Male) |
| 23:16 | Queue | Monk |
| 23:18 | Queue | Villager (Male) |
| 23:18 | Queue | Villager (Male) |
| 23:19 | Queue | Villager (Male) |
| 23:19 | Queue | Villager (Male) |
| 23:21 | Build | Farm |
| 23:22 | Build | Farm |
| 23:22 | Build | Farm |
| 23:23 | Build | Farm |
| 23:34 | Queue | Battering Ram |
| 23:40 | Queue | Villager (Male) |
| 23:45 | Queue | Villager (Male) |
Build order — danger_noodle42
First 150 of 323 actions detected
| 0:00 | Queue | Villager (Male) |
| 0:01 | Queue | Villager (Male) |
| 0:01 | Build | House |
| 0:02 | Build | House |
| 0:22 | Queue | Villager (Male) |
| 0:22 | Queue | Villager (Male) |
| 1:29 | Build | Palisade Wall |
| 1:33 | Queue | Villager (Male) |
| 1:42 | Build | Palisade Wall |
| 1:47 | Build | Palisade Wall |
| 2:03 | Queue | Villager (Male) |
| 2:29 | Queue | Villager (Male) |
| 2:54 | Queue | Villager (Male) |
| 3:25 | Queue | Villager (Male) |
| 3:29 | Queue | Villager (Male) |
| 3:48 | Queue | Villager (Male) |
| 3:49 | Queue | Villager (Male) |
| 3:58 | Build | Lumber Camp |
| 4:11 | Build | House |
| 4:42 | Queue | Villager (Male) |
| 4:42 | Queue | Villager (Male) |
| 4:42 | Queue | Villager (Male) |
| 5:09 | Queue | Villager (Male) |
| 5:29 | Queue | Villager (Male) |
| 6:00 | Queue | Villager (Male) |
| 6:05 | Build | House |
| 6:21 | Queue | Villager (Male) |
| 6:25 | Build | Mill |
| 6:30 | Build | House |
| 6:46 | Queue | Villager (Male) |
| 7:10 | Queue | Villager (Male) |
| 7:16 | Build | Palisade Wall |
| 7:35 | Build | Mining Camp |
| 8:33 | Queue | Villager (Male) |
| 8:54 | Research | Feudal Age |
| 11:26 | Age | Feudal Age |
| 11:29 | Build | Market |
| 11:31 | Build | Blacksmith |
| 11:36 | Build | Blacksmith |
| 11:37 | Build | Palisade Wall |
| 11:42 | Queue | Villager (Male) |
| 11:49 | Research | Double-Bit Axe |
| 12:00 | Queue | Villager (Male) |
| 12:12 | Build | Stone Wall |
| 12:16 | Build | House |
| 12:37 | Queue | Villager (Male) |
| 12:41 | Build | House |
| 12:42 | Build | Stone Wall |
| 12:43 | Build | Stone Wall |
| 12:46 | Queue | Villager (Male) |
| 12:52 | Research | Loom |
| 12:58 | Build | Watch Tower |
| 13:08 | Queue | Villager (Male) |
| 13:15 | Build | Mining Camp |
| 13:27 | Queue | Villager (Male) |
| 13:38 | Build | Stone Wall |
| 13:46 | Build | Stone Wall |
| 13:50 | Build | Pasture |
| 13:53 | Build | Pasture |
| 13:55 | Build | Pasture |
| 14:26 | Research | Castle Age |
| 14:32 | Build | Pasture |
| 14:55 | Research | Tech 1014 |
| 15:19 | Build | House |
| 15:27 | Queue | Villager (Male) |
| 16:38 | Build | Stone Wall |
| 16:41 | Build | Stone Wall |
| 16:54 | Build | House |
| 16:57 | Build | Stone Wall |
| 16:58 | Build | Stone Wall |
| 16:59 | Build | Stone Wall |
| 17:06 | Age | Castle Age |
| 17:14 | Build | Town Center |
| 17:15 | Research | Bow Saw |
| 17:17 | Queue | Villager (Male) |
| 17:30 | Build | Stone Wall |
| 17:36 | Build | Siege Workshop |
| 17:43 | Research | Tech 1013 |
| 17:45 | Queue | Villager (Male) |
| 18:07 | Build | Town Center |
| 18:13 | Queue | Villager (Male) |
| 18:15 | Queue | Iron Pagoda |
| 18:17 | Queue | Villager (Male) |
| 18:25 | Queue | Villager (Male) |
| 18:33 | Build | Pasture |
| 18:33 | Queue | Villager (Male) |
| 18:36 | Queue | Villager (Male) |
| 18:53 | Queue | Villager (Male) |
| 19:12 | Queue | Villager (Male) |
| 19:13 | Queue | Villager (Male) |
| 19:17 | Build | Outpost |
| 19:24 | Queue | Villager (Male) |
| 19:27 | Build | Pasture |
| 19:30 | Queue | Villager (Male) |
| 19:41 | Build | Outpost |
| 19:45 | Build | Outpost |
| 19:51 | Build | Pasture |
| 19:55 | Queue | Villager (Male) |
| 19:58 | Build | Outpost |
| 20:00 | Research | Town Watch |
| 20:12 | Queue | Villager (Male) |
| 20:12 | Queue | Villager (Male) |
| 20:25 | Queue | Villager (Male) |
| 20:30 | Queue | Villager (Male) |
| 20:34 | Build | Outpost |
| 20:41 | Build | Monastery |
| 20:41 | Queue | Villager (Male) |
| 20:46 | Queue | Villager (Male) |
| 20:46 | Queue | Villager (Male) |
| 21:01 | Build | House |
| 21:03 | Queue | Villager (Male) |
| 21:08 | Build | House |
| 21:09 | Build | House |
| 21:11 | Build | House |
| 21:22 | Research | Gold Mining |
| 21:24 | Queue | Villager (Male) |
| 21:27 | Queue | Monk |
| 21:37 | Build | Barracks |
| 21:38 | Queue | Villager (Male) |
| 21:44 | Queue | Villager (Male) |
| 21:46 | Queue | Villager (Male) |
| 21:50 | Queue | Villager (Male) |
| 21:56 | Queue | Villager (Male) |
| 22:00 | Build | Lumber Camp |
| 22:12 | Queue | Monk |
| 22:18 | Queue | Fire Lancer |
| 22:26 | Build | House |
| 22:26 | Queue | Villager (Male) |
| 22:32 | Build | Outpost |
| 22:34 | Queue | Villager (Male) |
| 22:41 | Queue | Fire Lancer |
| 22:53 | Queue | Fire Lancer |
| 23:00 | Queue | Monk |
| 23:01 | Queue | Fire Lancer |
| 23:16 | Queue | Iron Pagoda |
| 23:16 | Queue | Villager (Male) |
| 23:17 | Queue | Villager (Male) |
| 23:17 | Queue | Villager (Male) |
| 23:17 | Queue | Villager (Male) |
| 23:18 | Queue | Iron Pagoda |
| 23:27 | Queue | Fire Lancer |
| 23:28 | Queue | Spearman |
| 23:28 | Queue | Spearman |
| 23:28 | Queue | Spearman |
| 23:32 | Queue | Villager (Male) |
| 23:35 | Build | Blacksmith |
| 23:37 | Queue | Villager (Male) |
| 23:38 | Queue | Villager (Male) |
| 23:39 | Build | House |
| 23:40 | Queue | Villager (Male) |
Match timeline
| 0:58 | MatzeAoE · wall_segment Palisade Wall x7 |
| 1:03 | MatzeAoE · wall_segment Palisade Wall x7 |
| 1:29 | danger_noodle42 · wall_segment Palisade Wall x1 |
| 1:42 | danger_noodle42 · wall_segment Palisade Wall x1 |
| 1:47 | danger_noodle42 · wall_segment Palisade Wall x1 |
| 5:24 | MatzeAoE · wall_segment Palisade Wall x1 |
| 5:24 | MatzeAoE · wall_segment Palisade Wall x1 |
| 5:25 | MatzeAoE · wall_segment Palisade Wall x1 |
| 7:16 | danger_noodle42 · wall_segment Palisade Wall x1 |
| 8:31 | MatzeAoE · wall_segment Palisade Wall x1 |
| 8:41 | MatzeAoE · wall_segment Palisade Wall x1 |
| 8:50 | MatzeAoE · first_building Barracks |
| 10:59 | MatzeAoE · age_up feudal |
| 11:04 | MatzeAoE · first_building Stable |
| 11:26 | danger_noodle42 · age_up feudal |
| 11:37 | danger_noodle42 · wall_segment Palisade Wall x1 |
| 12:12 | danger_noodle42 · wall_segment Stone Wall x8 |
| 12:42 | danger_noodle42 · wall_segment Stone Wall x1 |
| 12:43 | danger_noodle42 · wall_segment Stone Wall x1 |
| 13:38 | danger_noodle42 · wall_segment Stone Wall x1 |
| 13:46 | danger_noodle42 · wall_segment Stone Wall x4 |
| 15:51 | MatzeAoE · wall_segment Stone Wall x16 |
| 16:38 | danger_noodle42 · wall_segment Stone Wall x2 |
| 16:41 | danger_noodle42 · wall_segment Stone Wall x2 |
| 16:42 | MatzeAoE · wall_segment Stone Wall x4 |
| 16:48 | MatzeAoE · wall_segment Stone Wall x1 |
| 16:57 | danger_noodle42 · wall_segment Stone Wall x1 |
| 16:58 | danger_noodle42 · wall_segment Stone Wall x1 |
| 16:59 | danger_noodle42 · wall_segment Stone Wall x1 |
| 17:06 | danger_noodle42 · age_up castle |
| 17:30 | danger_noodle42 · wall_segment Stone Wall x2 |
| 17:36 | danger_noodle42 · first_building Siege Workshop |
| 18:01 | danger_noodle42 · first_market_buy 100 wood |
| 20:41 | danger_noodle42 · first_building Monastery |
| 20:44 | MatzeAoE · age_up castle |
| 20:49 | MatzeAoE · first_building Siege Workshop |
| 20:50 | MatzeAoE · first_building Monastery |
| 21:37 | danger_noodle42 · first_building Barracks |
| 21:44 | MatzeAoE · first_market_sell 100 stone |
| 24:52 | danger_noodle42 · first_building Castle |
| 27:18 | MatzeAoE · first_market_buy 100 food |
| 28:19 | danger_noodle42 · wall_segment Palisade Wall x1 |
| 31:22 | danger_noodle42 · age_up imperial |
| 33:08 | danger_noodle42 · first_building Archery Range |
| 33:18 | MatzeAoE · first_building Castle |
| 34:23 | MatzeAoE · age_up imperial |
| 36:22 | danger_noodle42 · first_market_sell 500 food |
| 36:26 | MatzeAoE · first_building Archery Range |
| 36:59 | MatzeAoE · resign |
[ AI ANALYSIS · 1 CREDIT ]
What really happened in this match?
Wolo.gg analyzes every decision: build order, eco, micro, common mistakes by bracket. Personalized analysis on WhatsApp or Discord in 30 seconds.
Civ guide
Jurchens
Perfil
Jugador #25940851